 Dungeon Crawl Stone Soup version 0.30.0-29-ga12c61a403 (webtiles) character file.

Game seed: 1211933493339520001

630 findtopher the Conjurer (level 7, 0/57 HPs)
             Began as a Black Draconian Conjurer on June 16, 2023.
             Was a Priest of Jiyva.
             Slain by a wraith (11 damage)
             ... on level 5 of the Dungeon.
             The game lasted 00:32:37 (3431 turns).

findtopher the Conjurer (Black Draconian Conjurer)  Turns: 3431, Time: 00:32:37

Health: 0/57       AC:  7    Str:  8    XL:     7   Next: 24%
Magic:  27/27      EV: 12    Int: 20    God:    Jiyva [***...]
Gold:   89         SH:  0    Dex:  9    Spells: 12/15 levels left

rFire   . . .        h - +3 dagger
rCold   . . .        (no shield)
rNeg    . . .        (body armour unavailable)
rPois   .            (helmet restricted)
rElec   +            (no cloak)
rCorr   +            g - +0 pair of gloves
SInv    .            (no boots)
Will    .....        (no amulet)
Stlth   ++           f - ring of magical power
HPRegen 1.41/turn    (no ring)
MPRegen 0.55/turn

%: no passive effects
@: slowed, very slow
A: breathe lightning, AC +6, unfitting armour, electricity resistance,
cold-blooded, high MP 3, robust 1, weak 1, MP-powered wands
a: Breathe Lightning, Renounce Religion, Oozemancy


You were on level 5 of the Dungeon.
You worshipped Jiyva.
Jiyva was most pleased with you.
You visited 1 branch of the dungeon, and saw 5 of its levels.

You collected 89 gold pieces.

Inventory:

Hand Weapons
 c - a +0 club
 e - a +0 dagger
 h - a +3 dagger (weapon)
 i - a +1 short sword
Missiles
 b - 24 poisoned darts
 k - 12 stones
Armour
 g - a +0 pair of gloves (worn)
Jewellery
 f - a ring of magical power (left hand)
Scrolls
 d - 3 scrolls of amnesia
 l - a scroll of identify
Potions
 a - a potion of magic
 j - a potion of curing
 m - 2 potions of brilliance {unknown}


   Skills:
 + Level 1.0 Fighting
 + Level 0.5 Short Blades
 + Level 0.3 Maces & Flails
 + Level 2.9 Dodging
 + Level 3.1 Stealth
 + Level 4.7 Spellcasting
 + Level 6.1 Conjurations


You had 12 spell levels left.
You knew the following spells:

 Your Spells              Type           Power      Damage    Failure   Level
a - Magic Dart            Conj           100%       1d8       1%          1
b - Searing Ray           Conj           58%        2d6       1%          2

Your spell library contained the following spells:

 Spells                   Type           Power      Damage    Failure   Level
 Dazzling Flash           Conj/Hex       34%        N/A       10%         3
 Fulminant Prism          Conj/Hex       8%         3d6       32%         4
 Iskenderun's Mystic Bla  Conj/Tloc      17%        2d5       32%         4


Dungeon Overview and Level Annotations

Branches:
Dungeon (5/15)
 Temple: D:4-7

Altars:
Makhleb
Nemelex Xobeh
Qazlal
Zin
Jiyva


Innate Abilities, Weirdness & Mutations

You can breathe wild blasts of lightning.
Your glossy black scales are hard. (AC +6)
You cannot fit into any form of body armour.
You are resistant to electric shocks. (rElec)
You are cold-blooded and may be slowed by cold attacks.
You have a greatly increased reservoir of magic. (+30% MP)
You are robust. (+10% HP)
You are weak. (Str -2)
You expend magic power (3 MP) to strengthen your wands.


Message History

The wraith hits you! The wraith drains your vigour!
You feel as though you will be slow longer.
The wraith hits you but does no damage.
You hit the wraith.
The wraith is moderately damaged.
The wraith hits you. The wraith drains your vigour!
You feel as though you will be slow longer.
You closely miss the wraith.
Your tail-slap misses the wraith.
The wraith is moderately damaged.
The wraith hits you but does no damage. x2
You hit the wraith.
Your tail-slap misses the wraith.
The wraith is moderately damaged.
The wraith hits you. The wraith drains your vigour!
You feel as though you will be slow longer.
You hit the wraith but do no damage.
Your tail-slap misses the wraith.
The wraith is moderately damaged.
The wraith hits you. The wraith drains your vigour!
You feel as though you will be slow longer.
You hit the wraith but do no damage. You punch the wraith, but do no damage.
The wraith is moderately damaged.
The wraith hits you. x2
* * * LOW HITPOINT WARNING * * *
The wraith drains your vigour!
You feel as though you will be slow longer.
You barely miss the wraith.
Your tail-slap misses the wraith.
The wraith is moderately damaged.
The wraith misses you.
You closely miss the wraith.
The wraith is moderately damaged.
The wraith hits you. The wraith barely misses you.
You hit the wraith but do no damage.
Your tail-slap misses the wraith.
The wraith is moderately damaged.
The wraith hits you!
* * * LOW HITPOINT WARNING * * *
You barely miss the wraith.
Your tail-slap misses the wraith.
The wraith is moderately damaged.
The wraith hits you.
* * * LOW HITPOINT WARNING * * *
The wraith hits you!
You die...

...#.# #####...#
#...##..# ......#.## ###
.........## ######..
..8.......########..W....
......†.#..........####W#
#...†########## #.#
#.#@##############.#
#.#W# #.W.W.........
..#.# #.##########.#
####.###.# #.# #...W.#
#.. ####### ###


You could see a wraith.

Vanquished Creatures
  A wyvern (D:5)
  A black bear (D:4)
  A phantom (D:3)
  2 scorpions
  An iguana (D:5)
  An orc wizard (D:4)
  Natasha (twice) (D:2)
  4 gnolls (D:3)
  5 adders
  3 worms
  2 dart slugs
  6 orcs
  2 endoplasms (D:1)
  2 giant cockroaches
  4 goblins
  6 hobgoblins
  5 kobolds
  3 quokkas
  7 ball pythons
  3 bats
  3 frilled lizards
  5 rats
69 creatures vanquished.

Vanquished Creatures (others)
  An ogre (D:4)
  2 hounds (D:5)
  5 jellies
  An ufetubus (D:4)
  A dart slug (D:5)
  3 orcs (D:3)
  3 goblins (D:3)
  2 ball pythons
  2 kobolds (D:4)
20 creatures vanquished.

Grand Total: 89 creatures vanquished

Notes
Turn   | Place    | Note
-------+----------+-------------------------------------------
     0 | D:1      | findtopher the Draconian Conjurer began the quest for the
                  | Orb.
     0 | D:1      | Reached XP level 1. HP: 14/14 MP: 3/3
   172 | D:1      | Reached XP level 2. HP: 20/20 MP: 3/5
   380 | D:1      | Learned a level 2 spell: Searing Ray
   833 | D:2      | Reached XP level 3. HP: 26/26 MP: 6/6
   877 | D:2      | Gained mutation: You have a pair of small antennae on your
                  | head. [potion of mutation]
   877 | D:2      | Gained mutation: You are weak. (Str -2) [potion of
                  | mutation]
   877 | D:2      | Gained mutation: You occasionally lose the ability to drink
                  | potions when taking damage. [potion of mutation]
   879 | D:2      | Lost mutation: You occasionally lose the ability to drink
                  | potions when taking damage. [potion of mutation]
   879 | D:2      | Lost mutation: You have a pair of small antennae on your
                  | head. [potion of mutation]
   879 | D:2      | Gained mutation: You occasionally lose the ability to read
                  | scrolls when taking damage. [potion of mutation]
   879 | D:2      | Gained mutation: Your magical capacity is low. (-10% MP)
                  | [potion of mutation]
   879 | D:2      | Gained mutation: You expend magic power (3 MP) to
                  | strengthen your wands. [potion of mutation]
  1024 | D:2      | Noticed Natasha
  1032 | D:2      | Killed Natasha
  1033 | D:2      | Reached XP level 4. HP: 12/33 MP: 1/7
  1242 | D:2      | Noticed Natasha
  1251 | D:2      | Killed Natasha
  1252 | D:2      | Reached skill level 5 in Conjurations
  1449 | D:2      | Found a faded altar of an unknown god.
  1629 | D:2      | Prayed at the altar of an unknown god.
  1629 | D:2      | Became a worshipper of Jiyva Jadem the Shapeless
  1629 | D:2      | Reached * piety under Jiyva
  1774 | D:3      | Reached XP level 5. HP: 38/38 MP: 8/8
  1786 | D:3      | Found a sparkling altar of Nemelex Xobeh.
  1792 | D:3      | Noticed a phantom
  1798 | D:3      | Killed a phantom
  2156 | D:3      | Found a stormy altar of Qazlal.
  2220 | D:3      | Reached XP level 6. HP: 45/45 MP: 10/10
  2241 | D:3      | Found a burning altar of Makhleb.
  2318 | D:3      | Found a glowing silver altar of Zin.
  2375 | D:3      | Reached ** piety under Jiyva
  2816 | D:4      | Reached *** piety under Jiyva
  2925 | D:4      | Lost mutation: Your magical capacity is low. (-10% MP)
                  | [Jiyva's grace]
  2925 | D:4      | Lost mutation: You occasionally lose the ability to read
                  | scrolls when taking damage. [Jiyva's grace]
  2925 | D:4      | Gained mutation: You have an increased reservoir of magic.
                  | (+10% MP) [Jiyva's grace]
  2925 | D:4      | Gained mutation: You have a considerably increased
                  | reservoir of magic. (+20% MP) [Jiyva's grace]
  2925 | D:4      | Gained mutation: You have a greatly increased reservoir of
                  | magic. (+30% MP) [Jiyva's grace]
  2925 | D:4      | Gained mutation: You are robust. (+10% HP) [Jiyva's grace]
  3206 | D:5      | Entered Level 5 of the Dungeon
  3330 | D:5      | Noticed a wraith
  3348 | D:5      | Noticed a wyvern
  3355 | D:5      | Killed a wyvern
  3356 | D:5      | Reached skill level 1 in Fighting
  3356 | D:5      | Reached skill level 6 in Conjurations
  3356 | D:5      | Your scales start taking on a glossy black colour.
  3356 | D:5      | Reached XP level 7. HP: 48/57 MP: 18/18
  3356 | D:5      | Gained mutation: You are resistant to electric shocks.
                  | (rElec) [Black Draconian growth]
  3431 | D:5      | Slain by a wraith

Illustrated notes

Levels and vault maps discovered:
D:1:      arrival_zaba_pyramid, layout_rooms
D:2:      layout_rooms, nicolae_ecumenical_snake_handling, hex_large,
          uniq_natasha
D:3:      layout_loops_ring, lemuel_coloured_pillars_altar, zin_scriptorium,
          lightli_temple_of_fire, nemelex_xobeh_ov_fountains_minmay,
          kennysheep_flooded_box, kennysheep_small_spiral
D:4:      layout_cave_pods
D:5:      layout_loops_ring, nicolae_ashenzari_panopticon,
          mainiacjoe_overflow_concentric_impassable,
          hellmonk_okawaru_the_only_friend_you_need, minmay_manual_moon

Skill      XL: |  1  2  3  4  5  6 |
---------------+-------------------+-----
Dodging        | 2 |  2.9
Spellcasting   | 3 4 |  4.7
Conjurations   | 5 6 |  6.1
Stealth        | 2 3 |  3.1
Fighting       | 1 |  1.0
Short Blades   | |  0.5
Maces & Flails | |  0.3

Action                     |  1- 3 |  4- 6 |  7- 9 || total
---------------------------+-------+-------+-------++-------
  Melee: Club              |    22 |       |       ||    22
         Tailslap          |    10 |     5 |       ||    15
         Dagger            |    21 |    12 |    26 ||    59
         Punch             |     1 |     1 |     2 ||     4
         Short sword       |       |    11 |       ||    11
   Cast: Magic Dart        |    41 |    92 |     1 ||   134
         Searing Ray       |     7 |    10 |     1 ||    18
    Use: Scroll            |     2 |     2 |       ||     4
         Potion            |     4 |     3 |       ||     7
 Armour: Skin              |    14 |    15 |     6 ||    35
  Dodge: Dodged            |    27 |    40 |    12 ||    79
